 Dungeon Sprint DCSS version 0.30-a0-802-gb92711bcdf (webtiles) character file.

Game seed: 10444603619941746939

6400000 BigDaddyOpFi the Intangible (level 26, -4/221 HPs)
             Began as a Djinni Warper on Feb 24, 2023.
             Was the Champion of Makhleb.
             Killed by divine providence
             ... invoked by an accursed
              (14 damage)
             ... in the Dungeon (Sprint VIII: "Arena of Blood").
             The game lasted 00:01:30 (64 turns).

BigDaddyOpFi the Intangible (Djinni Warper)           Turns: 64, Time: 00:01:31

Health: -4/221     AC:  6    Str: 10    XL:     26   Next: 93%
Gold:   0          EV: 34    Int: 17    God:    Makhleb [******] SH:  0 Dex: 23

rFire   + + .      SeeInvis .    h - +∞ Axe of Woe
rCold   x . .      Faith    .    (shield currently unavailable)
rNeg    . . .      Spirit   .    a - +0 leather armour
rPois   ∞          Reflect  .    (no helmet)
rElec   .          Harm     .    (no cloak)
rCorr   .          Rampage  .    (no gloves)
Will    ++...      NoTele   +    (boots unavailable)
Stlth   ++++++++++               (no amulet)
HPRegen 0.56/turn                (no ring)
MPRegen 0.00/turn                (no ring)

@: marked, flying
A: sickness immunity, fire resistance 2, cold vulnerability 1, float, innate
caster, HP casting, extra vitality 1
a: Renounce Religion, Minor Destruction, Lesser Servant of Makhleb, Major
Destruction, Greater Servant of Makhleb


You were in the Dungeon.
You worshipped Makhleb.
Makhleb was exalted by your worship.
You visited 1 branch

Inventory:

Hand Weapons
 h - the +∞ Axe of Woe (weapon)
   (You found it in the Dungeon)
Missiles
 c - 7 boomerangs of dispersal (quivered)
Armour
 a - a +0 leather armour (worn)
Scrolls
 b - 2 scrolls of blinking
Potions
 d - a potion of curing
 e - a potion of heal wounds
 f - a potion of haste
 g - a potion of berserk rage


   Skills:
 O Level 27 Fighting
 + Level 16.6(19.4) Short Blades
 + Level 16.7(19.4) Long Blades
 O Level 27 Axes
 O Level 27 Maces & Flails
 O Level 27 Polearms
 + Level 16.6(27) Staves
 + Level 15.4 Ranged Weapons
 O Level 27 Throwing
 O Level 27 Armour
 O Level 27 Dodging
 O Level 27 Stealth
 + Level 18.1 Shields
 O Level 27 Unarmed Combat
 O Level 27 Spellcasting
 O Level 27 Invocations
 + Level 17.7 Evocations


You knew the following spells:

 Your Spells              Type           Power      Damage    Failure   Level
a - Blink                 Tloc           100%       N/A       0%          2
b - Lesser Beckoning      Tloc           100%       N/A       0%          2
c - Vhi's Electric Charg  Tloc/Air       100%       N/A       0%          3
d - Teleport Other        Tloc           86%        N/A       0%          3
e - Manifold Assault      Tloc           86%        N/A       0%          4
f - Foxfire               Conj/Fire      100%       2x1d9     0%          1
g - Searing Ray           Conj           100%       2d8       0%          2
h - Wereblood             Tmut           86%        N/A       0%          2
i - Mephitic Cloud        Conj/Pois/Air  86%        N/A       0%          3
j - Olgreb's Toxic Radia  Pois           86%        N/A       0%          4
k - Freezing Cloud        Conj/Ice/Air   43%        6-21      0%          5
l - Iron Shot             Conj/Erth      43%        9d8       0%          6
m - Eringya's Noxious Bo  Tmut/Pois      43%        N/A       0%          6
n - Enfeeble              Hex            43%        N/A       1%          7
o - Discord               Hex            43%        N/A       1%          8
p - Storm Form            Tmut/Air       43%        N/A       1%          7
q - Maxwell's Capacitive  Air            43%        ∞         1%          8
Your spell library was empty.

Dungeon Overview and Level Annotations

Branches:
Dungeon (1/1)

Altars:
Makhleb

Annotations:
D The Captor


Innate Abilities, Weirdness & Mutations

You are immune to sickness and miasma.
You are immune to poison.
Your flesh is very heat resistant. (rF++)
You are vulnerable to cold. (rC-)
You float through the air rather than walking.
You learn spells naturally, not from books.
Your magical power is your life essence.
You have superior vitality. (+4 MHP)


Message History

You hear a shout! x3
A meat beast comes into view.
The Captor casts a spell at you.
The stream of webbing hits you but does no damage.
You are caught in a web!
A bag of meat comes into view. It is wielding a +9 war axe.
You hear a shout!
The accursed casts a spell at you. Something smites you!
You hear a shout!
A meat beast comes into view.
You hear a shout!
A destroyer comes into view. It is wielding a +9 heavy great sword.
You hear a horrible gurgling sound!
You hear a shout!
Your base Short Blades skill gained 2 levels and is now at level 16!
Your base Long Blades skill gained 2 levels and is now at level 16!
Your base Staves skill gained 2 levels and is now at level 16!
Your Ranged Weapons skill gained 2 levels and is now at level 15!
Your Shields skill gained 3 levels and is now at level 18!
Your Evocations skill gained 3 levels and is now at level 17!
Unknown command.
The web tears apart.
The destroyer gestures at you while chanting.
The destroyer blinks!
The large bag of meat closely misses you.
The large bag of meat hits you with a +9 giant spiked club!!!!
Ouch! That really hurt!
* * * LOW HITPOINT WARNING * * *
A sculptor of flesh comes into view. It is wielding a +9 great sword.
You hear a shout! x2
A tyrant comes into view.
A bag of meat comes into view. It is wielding a +9 war axe.
The bag of meat closely misses you. The tyrant touches you.
* * * LOW HITPOINT WARNING * * *
The accursed gestures at you while chanting.
Something smites you!
* * * LOW HITPOINT WARNING * * *
The accursed gestures at you while chanting.
Something smites you!
You die...

.###...MM☼)###...O.M
.o.#....)))#...§.z..
.....#......)#..oz..o.
.....2......)2M.MV.O.o
..............Voo#.o.
......MMX.@.§O#.V..#
...L....o.Mo..##oV.o.#
....#..XXooOL#.o..oo#.
o......oML@Oo#...###..
.##.#.XX)Oz.OX... .
...............o...L
###....#..V..####...
............... .
...............
##.......=......
################


You could see 6 accurseds, 2 tentacled monstrosities, 2 meat beasts, 3 tyrants,
3 destroyers, 2 sculptors of flesh, 3 large bags of meat, 4 large abominations,
2 meat berserkers, The Captor (fast) and 11 bags of meat.

Vanquished Creatures
  2 royal mummies (D)
  10 vampire knights (D)
  21 ogres (D)
  A two-headed ogre (D)
  A hydra (D)
  47 orcs (D)
  4 skeletal warriors (D)
86 creatures vanquished.

Notes
Turn   | Place    | Note
-------+----------+-------------------------------------------
     0 | D        | Found the +∞ Axe of Woe
     0 | D        | BigDaddyOpFi the Djinni Warper began the quest for the Orb.
     0 | D        | BigDaddyOpFi set off with the following spells memorised:
                  | Blink, Lesser Beckoning, Vhi's Electric Charge, Teleport
                  | Other, Manifold Assault.
     0 | D        | Reached XP level 1. HP: 18/18 MP: 0/0
     2 | D        | Noticed a bag of meat
     2 | D        | Noticed a bag of meat
     4 | D        | Became a worshipper of Makhleb the Destroyer
     5 | D        | Noticed a bag of meat
     5 | D        | Noticed a bag of meat
     7 | D        | Noticed a meat berserker
     7 | D        | Noticed a bag of meat
     7 | D        | Noticed a bag of meat
     7 | D        | Noticed a bag of meat
     8 | D        | Noticed a meat berserker
     8 | D        | Noticed a bag of meat
     9 | D        | Killed a bag of meat
     9 | D        | Killed a bag of meat
     9 | D        | Reached * piety under Makhleb
     9 | D        | Killed a bag of meat
     9 | D        | Noticed a bag of meat
    10 | D        | Reached skill level 10 in Stealth
    10 | D        | Reached XP level 2. HP: 37/37 MP: 0/0
    10 | D        | Reached XP level 3. HP: 42/42 MP: 0/0
    10 | D        | Learned a level 1 spell: Foxfire
    10 | D        | Reached XP level 4. HP: 49/49 MP: 0/0
    10 | D        | Reached XP level 5. HP: 54/54 MP: 0/0
    10 | D        | Learned a level 2 spell: Searing Ray
    10 | D        | Reached XP level 6. HP: 59/59 MP: 0/0
    10 | D        | Reached XP level 7. HP: 65/65 MP: 0/0
    10 | D        | Learned a level 2 spell: Wereblood
    10 | D        | Reached XP level 8. HP: 71/71 MP: 0/0
    10 | D        | Reached XP level 9. HP: 76/76 MP: 0/0
    10 | D        | Learned a level 3 spell: Mephitic Cloud
    10 | D        | Reached XP level 10. HP: 83/83 MP: 0/0
    10 | D        | Reached XP level 11. HP: 87/87 MP: 0/0
    10 | D        | Learned a level 4 spell: Olgreb's Toxic Radiance
    10 | D        | Reached XP level 12. HP: 94/94 MP: 0/0
    10 | D        | Reached XP level 13. HP: 99/99 MP: 0/0
    10 | D        | Learned a level 5 spell: Freezing Cloud
    10 | D        | Killed a bag of meat
    10 | D        | Killed a meat berserker
    10 | D        | Reached ** piety under Makhleb
    11 | D        | Reached skill level 10 in Spellcasting
    11 | D        | Reached XP level 14. HP: 110/110 MP: 0/0
    12 | D        | Killed a meat berserker
    12 | D        | Killed a bag of meat
    13 | D        | Reached XP level 15. HP: 84/118 MP: 0/0
    13 | D        | Learned a level 6 spell: Iron Shot
    13 | D        | Reached *** piety under Makhleb
    13 | D        | Noticed a meat berserker
    14 | D        | Reached skill level 15 in Fighting
    14 | D        | Reached skill level 15 in Armour
    14 | D        | Reached skill level 15 in Unarmed Combat
    14 | D        | Reached skill level 15 in Invocations
    14 | D        | Reached XP level 16. HP: 126/128 MP: 0/0
    15 | D        | Reached **** piety under Makhleb
    17 | D        | Noticed a meat berserker
    17 | D        | Noticed a destroyer
    18 | D        | Killed a meat berserker
    19 | D        | Reached skill level 15 in Stealth
    21 | D        | Reached XP level 17. HP: 50/136 MP: 0/0
    21 | D        | Learned a level 6 spell: Eringya's Noxious Bog
    22 | D        | Killed a meat berserker
    22 | D        | Reached ***** piety under Makhleb
    23 | D        | Reached skill level 15 in Axes
    23 | D        | Reached skill level 15 in Throwing
    23 | D        | Killed a destroyer
    23 | D        | Noticed a destroyer
    24 | D        | Reached skill level 15 in Spellcasting
    24 | D        | Reached XP level 18. HP: 124/148 MP: 0/0
    24 | D        | Noticed a meat berserker
    27 | D        | Noticed an eight-headed meat hydra
    27 | D        | Killed a meat berserker
    28 | D        | Killed a destroyer
    28 | D        | Noticed a meat berserker
    29 | D        | Reached XP level 19. HP: 56/157 MP: 0/0
    29 | D        | Learned a level 7 spell: Enfeeble
    30 | D        | Noticed a meat berserker
    30 | D        | Noticed a meat berserker
    31 | D        | Noticed a destroyer
    32 | D        | Killed a meat berserker
    33 | D        | Killed a destroyer
    34 | D        | Noticed a large bag of meat
    34 | D        | Noticed a meat berserker
    34 | D        | Killed a nine-headed meat hydra
    34 | D        | Reached ****** piety under Makhleb
    34 | D        | Noticed a destroyer
    34 | D        | Noticed a sculptor of flesh
    35 | D        | Noticed a destroyer
    36 | D        | Killed a meat berserker
    37 | D        | Noticed a meat berserker
    38 | D        | Noticed a destroyer
    38 | D        | Killed a meat berserker
    38 | D        | Killed a destroyer
    38 | D        | Noticed a meat berserker
    39 | D        | Reached XP level 20. HP: 171/171 MP: 0/0
    39 | D        | Killed a meat berserker
    41 | D        | Killed a large bag of meat
    41 | D        | Noticed a destroyer
    42 | D        | Noticed an accursed
    43 | D        | Killed a meat berserker
    43 | D        | Killed a meat berserker
    44 | D        | Reached XP level 21. HP: 172/180 MP: 0/0
    44 | D        | Learned a level 8 spell: Discord
    44 | D        | Killed a destroyer
    45 | D        | Reached skill level 27 in Dodging
    45 | D        | Noticed an accursed
    45 | D        | Noticed a meat berserker
    45 | D        | Noticed a large bag of meat
    45 | D        | Noticed a meat berserker
    45 | D        | Noticed a destroyer
    45 | D        | Noticed a destroyer
    45 | D        | Killed a destroyer
    45 | D        | Noticed a meat berserker
    46 | D        | Reached XP level 22. HP: 182/193 MP: 0/0
    46 | D        | Killed a destroyer
    47 | D        | Reached skill level 27 in Fighting
    47 | D        | Reached skill level 27 in Armour
    47 | D        | Reached skill level 27 in Unarmed Combat
    47 | D        | Noticed a meat berserker
    47 | D        | Noticed a destroyer
    47 | D        | Noticed a meat berserker
    47 | D        | Noticed a large bag of meat
    48 | D        | Reached skill level 27 in Invocations
    48 | D        | Noticed an accursed
    49 | D        | Killed a meat berserker
    50 | D        | Noticed a meat berserker
    50 | D        | Noticed an accursed
    50 | D        | Noticed a tyrant
    50 | D        | Noticed a large bag of meat
    50 | D        | Killed a meat berserker
    50 | D        | Noticed a meat berserker
    51 | D        | Reached XP level 23. HP: 121/201 MP: 0/0
    51 | D        | Learned a level 7 spell: Storm Form
    51 | D        | Noticed a tyrant
    51 | D        | Noticed an accursed
    52 | D        | Reached skill level 27 in Stealth
    52 | D        | Noticed an accursed
    53 | D        | Noticed an accursed
    53 | D        | Killed an accursed
    54 | D        | Reached skill level 27 in Axes
    54 | D        | Reached skill level 27 in Throwing
    54 | D        | Noticed an accursed
    54 | D        | Noticed a destroyer
    55 | D        | Reached skill level 27 in Spellcasting
    56 | D        | Killed a destroyer
    57 | D        | Reached XP level 24. HP: 149/208 MP: 0/0
    57 | D        | Noticed The Captor
    58 | D        | Killed a destroyer
    59 | D        | Reached XP level 25. HP: 177/214 MP: 0/0
    59 | D        | Learned a level 8 spell: Maxwell's Capacitive Coupling
    60 | D        | Noticed a destroyer
    61 | D        | Reached skill level 27 in Maces & Flails
    61 | D        | Reached skill level 27 in Polearms
    61 | D        | Killed a destroyer
    62 | D        | Reached XP level 26. HP: 221/221 MP: 0/0
    63 | D        | Reached skill level 15 in Shields
    63 | D        | Killed an accursed
    63 | D        | Noticed a meat beast
    63 | D        | Noticed a meat beast
    63 | D        | Noticed a destroyer
    64 | D        | Reached skill level 15 in Ranged Weapons
    64 | D        | Noticed a tyrant
    64 | D        | HP: 10/221 [accursed/divine providence (8)]
    64 | D        | Killed from afar by an accursed

Illustrated notes

Levels and vault maps discovered:
D:        meatsprint

Skill      XL: |  1  2  3  4  5  6  7  8  9 10 11 12 13 14 15 16 17 18 19 20 21 22 23 24 25 26 |
---------------+-------------------------------------------------------------------------------+-----
Fighting       | 11 13 14 15 17 19 20 23 24 26 27 | 27.0
Axes           | 9 11 12 13 14 16 17 19 20 22 24 27 | 27.0
Throwing       | 9 11 12 13 14 16 17 19 20 22 24 27 | 27.0
Armour         | 11 13 14 15 17 19 20 23 24 26 27 | 27.0
Dodging        | 12 14 16 17 18 20 22 24 26 27 | 27.0
Stealth        | 10 12 13 14 15 17 19 21 22 24 26 27 | 27.0
Unarmed Combat | 11 13 14 15 17 19 20 23 24 26 27 | 27.0
Spellcasting   | 9 10 11 12 13 15 16 18 19 21 23 27 | 27.0
Invocations    | 11 13 14 15 17 19 20 23 24 26 27 | 27.0
Maces & Flails | 16 24 27 | 27.0
Polearms       | 16 24 27 | 27.0
Short Blades   | 12 16 | 16.6
Long Blades    | 12 16 | 16.7
Staves         | 12 16 | 16.6
Ranged Weapons | 11 15 | 15.4
Shields        | 13 18 | 18.1
Evocations     | 13 17 | 17.7

Action                     |  1- 3 |  4- 6 |  7- 9 | 10-12 | 13-15 | 16-18 | 19-21 | 22-24 | 25-27 || total
---------------------------+-------+-------+-------+-------+-------+-------+-------+-------+-------++-------
  Melee: Executioner's axe |     1 |       |       |       |     3 |     9 |    13 |    13 |     5 ||    44
   Cast: Vhi's Electric Ch |       |       |       |       |       |       |     3 |     5 |       ||     8
  Dodge: Dodged            |       |       |       |       |       |       |     1 |       |     3 ||     4

Table legend: (Time is in decaauts)
 A = Elapsed time spent in this place.
 B = Non-inter-level travel time spent in this place.
 C = Inter-level travel time spent in this place.
 D = Time resting spent in this place.
 E = Time spent auto-exploring this place.
 F = Levels seen in this place.
 G = Mean time per level.
                   A        B        C        D        E       F      G
               +--------+--------+--------+--------+--------+-----+--------+
         Total |     62 |     62 |      0 |      0 |      0 |   1 |   62.0 |
       Dungeon |     62 |     62 |      0 |      0 |      0 |   1 |   62.0 |
               +--------+--------+--------+--------+--------+-----+--------+

Top non-repeatable levels by time:
       D: 62 daAuts
